 Dungeon Crawl Stone Soup version 0.27.1-33-g824d729ab1 (webtiles) character file.

Game seed: 17608158674968484062

354 demibob the Basher (level 6, -1/51 HPs)
             Began as a Minotaur Chaos Knight on Dec 8, 2021.
             Was a Plaything of Xom.
             Slain by a white imp (2 damage)
             ... summoned by Eustachio
             ... on level 4 of the Dungeon.
             The game lasted 00:04:16 (2907 turns).

demibob the Basher (Minotaur Chaos Knight)          Turns: 2907, Time: 00:04:17

Health: -1/51      AC: 10    Str: 18    XL:     6   Next: 35%
Magic:  5/5        EV:  7    Int:  9    God:    Xom [.*....]
Gold:   74         SH:  0    Dex:  8    Spells: 5/5 levels left

rFire    . . .     SeeInvis .   a - +2 flail (drain)
rCold    . . .     Faith    .   (no shield)
rNeg     . . .     Spirit   .   l - +0 chain mail
rPois    .         Reflect  .   (helmet restricted)
rElec    .         Harm     .   e - +1 cloak
rCorr    .         Rampage  .   (no gloves)
Will     .....                  (no boots)
Stlth    ..........             (no amulet)
HPRegen  0.17/turn              (no ring)
MPRegen  0.09/turn              (no ring)

@: very slightly contaminated, invisible
A: horns 2, retaliatory headbutt, clumsy 1, deterioration 1, screaming 1,
inability to read while threatened
a: Renounce Religion


You were on level 4 of the Dungeon.
You worshipped Xom.
You were a plaything of Xom.
You visited 1 branch of the dungeon, and saw 4 of its levels.

You collected 74 gold pieces.


Innate Abilities, Weirdness & Mutations

You have a pair of horns on your head.
You reflexively headbutt those who attack you in melee.
You are clumsy. (Dex -2)
Your body sometimes deteriorates upon taking damage.
You occasionally shout uncontrollably at your foes.
You sometimes lose the ability to read scrolls when taking damage.


   Skills:
 - Level 3.6 Fighting
 + Level 8.7 Maces & Flails
 - Level 2.4 Armour
 - Level 1.1 Dodging


You had 5 spell levels left.
You didn't know any spells.
Your spell library contained the following spells:

 Spells                   Type           Power      Damage    Failure   Level
 Blink                    Tloc           N/A        N/A       100%        2
 Frozen Ramparts          Ice            0%         1d2       100%        3
 Ice Form                 Ice/Tmut       0%         N/A       100%        4
 Summon Ice Beast         Ice/Summ       0%         N/A       100%        4
 Manifold Assault         Tloc           0%         N/A       100%        5
 Storm Form               Tmut/Air       0%         N/A       100%        7

Inventory:

Hand Weapons
 a - a +2 flail of draining (weapon)
 d - a +0 mace of chaos
Missiles
 g - 18 poisoned darts (quivered)
 h - 4 curare-tipped darts {=f}
Armour
 e - a +1 cloak (worn)
 l - a +0 chain mail (worn)
Jewellery
 f - an amulet of magic regeneration
Wands
 i - a wand of flame (4)
 k - a wand of mindburst (12)
Scrolls
 c - 2 scrolls of identify {@r1}
Potions
 j - a potion of flight

Dungeon Overview and Level Annotations

Branches:
Dungeon (4/15)
 Temple: D:4-7

Altars:
Elyvilon

Annotations:
D:4 Eustachio

#...######.#
#..........#
#..........#
#..........#
#..........#
#..........# .
####..r55.....##..
#.....@@............
#.....r.####.......
#..................
#........).†......# #
########.)....##..#.#
#...####......##..#.#
#...##..............##..
#...##.......###<.......
#...##............####.#


You could see Eustachio (drained), a quasit (summoned), a river rat (summoned),
a white imp (summoned) and a quokka (summoned).


Message History

The white imp barely misses you.
The quasit bites you but does no damage.
The quasit claws you but does no damage. x2
The quokka bites you.
* * * LOW HITPOINT WARNING * * *
Eustachio hits you with a +0 rapier.
* * * LOW HITPOINT WARNING * * *
You hit Eustachio but do no damage. You drain Eustachio.
Eustachio is severely wounded.
The rat bites you but does no damage.
The quasit bites you but does no damage.
The quasit claws you but does no damage.
The quasit closely misses you. The white imp gestures at you.
The puff of frost misses you.
The puff of frost hits the rat!
The rat dies!
The rat's corpse disappears in a puff of smoke!
Xom is amused.
The quokka bites you.
* * * LOW HITPOINT WARNING * * *
Eustachio completely misses you.
You hit Eustachio. You drain Eustachio.
Eustachio is almost dead.
You can read scrolls again.
The quasit bites you but does no damage.
The quasit claws you but does no damage. x2
The white imp hits you.
* * * LOW HITPOINT WARNING * * *
The white imp freezes you.
You die...

Skill      XL: |  1  2  3  4  5 |
---------------+----------------+-----
Maces & Flails | 4 5 6 7 8 |  8.7
Fighting       | |  3.6
Armour         | |  2.4
Dodging        | |  1.1

Action                   |  1- 3 |  4- 6 || total
-------------------------+-------+-------++-------
Melee: Mace              |    58 |     7 ||    65
       Headbutt          |     4 |     9 ||    13
       Flail             |       |    84 ||    84
Throw: Dart              |     4 |     4 ||     8
  Use: Scroll            |       |     8 ||     8
Armor: Leather armour    |    23 |     8 ||    31
       Chain mail        |       |    61 ||    61
Dodge: Dodged            |    28 |    58 ||    86

Levels and vault maps discovered:
D:1:      minmay_arrival_stone_box, layout_loops_ring
D:2:      layout_basic, uniq_natasha
D:3:      layout_loops_ring, nicolae_elyvilon_peaceful_grove,
          basic_ecumenical_altar, minmay_fractal_squares_gapless_5, uniq_ijyb
D:4:      layout_basic, nicolae_yredelemnul_ghost_church,
          minmay_temple_entry_tees, sigmund_army, uniq_eustachio,
          uniq_blork_the_orc

Notes
Turn   | Place    | Note
-------+----------+-------------------------------------------
     0 | D:1      | demibob the Minotaur Chaos Knight began the quest for the
                  | Orb.
     0 | D:1      | Reached XP level 1. HP: 19/19 MP: 0/0
    90 | D:1      | XOM: silly message
   122 | D:1      | Reached skill level 4 in Maces & Flails
   128 | D:1      | Reached XP level 2. HP: 24/26 MP: 1/1
   502 | D:1      | Reached skill level 5 in Maces & Flails
   559 | D:1      | Reached XP level 3. HP: 31/31 MP: 2/2
   788 | D:1      | XOM: cloud trail
   934 | D:2      | Noticed Natasha
   938 | D:2      | Killed Natasha
  1145 | D:2      | Noticed Natasha
  1155 | D:2      | Killed Natasha
  1156 | D:2      | Reached skill level 6 in Maces & Flails
  1156 | D:2      | Reached XP level 4. HP: 36/39 MP: 3/3
  1241 | D:2      | Noticed Natasha
  1250 | D:2      | Killed Natasha
  1328 | D:2      | XOM: 8-stop teleportation journey
  1375 | D:2      | XOM is BORED!
  1469 | D:2      | XOM: give mutations
  1469 | D:2      | Gained mutation: You are clumsy. (Dex -2) [Xom's mischief]
  1469 | D:2      | Gained mutation: You sometimes lose the ability to read
                  | scrolls when taking damage. [Xom's mischief]
  1469 | D:2      | Gained mutation: Your body sometimes deteriorates upon
                  | taking damage. [Xom's mischief]
  1469 | D:2      | Gained mutation: You occasionally shout uncontrollably at
                  | your foes. [Xom's mischief]
  1504 | D:2      | XOM: cloud trail
  1683 | D:3      | Reached skill level 7 in Maces & Flails
  1683 | D:3      | Reached XP level 5. HP: 45/45 MP: 4/4
  1698 | D:3      | Found a white marble altar of Elyvilon.
  1731 | D:3      | Found a faded altar of an unknown god.
  1803 | D:3      | XOM: god gift: ring mail {god gift}
  1933 | D:3      | Noticed Ijyb
  1937 | D:3      | Killed Ijyb
  2683 | D:4      | Noticed Blork the orc
  2696 | D:4      | Killed Blork the orc
  2697 | D:4      | Reached skill level 8 in Maces & Flails
  2697 | D:4      | Reached XP level 6. HP: 26/51 MP: 5/5
  2850 | D:4      | XOM: noise
  2890 | D:4      | Noticed Eustachio
  2902 | D:4      | XOM: potion effect (invisibility)
  2905 | D:4      | HP: 4/51 [quokka[Eustachio] (2)]
  2907 | D:4      | HP: 1/51 [white imp[Eustachio] (1)]
  2907 | D:4      | Slain by a white imp

Vanquished Creatures
  Blork the orc (D:4)
  An iguana (D:4)
  Natasha (thrice) (D:2)
  2 orc wizards
  4 adders
  A worm (D:4)
  2 dart slugs (D:1)
  8 orcs
  3 ball pythons (D:1)
  6 endoplasms
  3 giant cockroaches
  8 hobgoblins
  3 jackals (D:1)
  3 kobolds
  A quokka (D:3)
  8 bats
  2 frilled lizards
  5 goblins
  4 rats
68 creatures vanquished.

Vanquished Creatures (collateral kills)
  Ijyb (D:3)
1 creature vanquished.

Vanquished Creatures (others)
  A butterfly (D:3)
1 creature vanquished.

Grand Total: 70 creatures vanquished

Table legend: (Time is in decaauts)
 A = Elapsed time spent in this place.
 B = Non-inter-level travel time spent in this place.
 C = Inter-level travel time spent in this place.
 D = Time resting spent in this place.
 E = Time spent auto-exploring this place.
 F = Levels seen in this place.
 G = Mean time per level.
                   A        B        C        D        E       F      G
               +--------+--------+--------+--------+--------+-----+--------+
         Total |   2927 |   2849 |     78 |    258 |   2131 |   4 |  731.8 |
       Dungeon |   2927 |   2849 |     78 |    258 |   2131 |   4 |  731.8 |
               +--------+--------+--------+--------+--------+-----+--------+

Top non-repeatable levels by time:
     D:3: 1059 daAuts
     D:2: 842 daAuts
     D:1: 797 daAuts
     D:4: 228 daAuts

Table legend:
 A = Non-vault XP
 B = Vault XP
 C = Vault XP percentage of total XP
 D = Non-vault monster count
 E = Vault monster count
 F = Vault count percentage of total count
                 A         B        C        D         E       F
            +---------+---------+-------+---------+---------+-------
      Total |     329 |     177 |  35.0 |      62 |       7 |  10.1
            +---------+---------+-------+---------+---------+-------
        D:1 |      43 |       0 |   0.0 |      22 |       0 |   0.0
        D:2 |      86 |      35 |  28.9 |      11 |       1 |   8.3
        D:3 |      98 |      46 |  31.9 |      21 |       5 |  19.2
        D:4 |     102 |      96 |  48.5 |       8 |       1 |  11.1
            +---------+---------+-------+---------+---------+-------
